 Dungeon Crawl Stone Soup version 0.28-a0-474-g535839065c (webtiles) character file.

Game seed: 12297916627917618194

7450 heikuro the Geomancer (level 11, -3/60 (68) HPs)
             Began as a Formicid Earth Elementalist on Sept 16, 2021.
             Was a Follower of Sif Muna.
             Killed from afar by Josephine (20 damage)
             ... with a ghostly fireball
             ... on level 10 of the Dungeon.
             The game lasted 00:28:38 (15021 turns).

heikuro the Geomancer (FoEE)                       Turns: 15021, Time: 00:28:39

HP:   -3/60 (68)    AC:  9    Str: 14    XL:     11   Next: 37%
MP:   15/23         EV: 12    Int: 17    God:    Sif Muna [*.....]
Gold: 542           SH:  5    Dex: 17    Spells: 19/27 levels left

rFire   . . .      SeeInvis +   E - +3 great sword (freeze)
rCold   . . .      Faith    .   (no shield)
rNeg    . . .      Spirit   .   I - +2 leather armour "Jyskaq" {Stlth+}
rPois   .          Reflect  +   (helmet unavailable)
rElec   .          Harm     .   g - +0 cloak
rCorr   .          Rampage  .   M - +2 pair of gloves
Will    +....                   (no boots)
Stlth   +++.......              s - amulet of reflection
HPRegen 0.20/turn               j - +6 ring of dexterity
MPRegen 0.18/turn               (no ring)

@: heavily drained
A: permanent stasis, dig shafts and tunnels, antennae 3, four strong arms
a: Dig, Shaft Self, Renounce Religion, Channel Magic


You were on level 10 of the Dungeon.
You worshipped Sif Muna.
Sif Muna was aware of your devotion.
You visited 2 branches of the dungeon, and saw 12 of its levels.

You collected 542 gold pieces.

Inventory:

Hand Weapons
 v - a +1 dagger of venom
 E - a +3 great sword of freezing (weapon)
Missiles
 a - 11 boomerangs
 c - 168 stones
 z - 22 poisoned darts
 N - a curare-tipped dart
Armour
 g - a +0 cloak (worn)
 y - a +3 leather armour
 H - a +0 pair of gloves of stealth
 I - the +2 leather armour "Jyskaq" (worn) {Stlth+}
   (You found it on level 9 of the Dungeon)

   Stlth:     It makes you more stealthy.
 M - a +2 pair of gloves (worn)
Jewellery
 j - a +6 ring of dexterity (left hand)
 s - an amulet of reflection (around neck)
 F - a ring of fire
 O - a ring of magical power
Wands
 u - a wand of digging (4)
 B - a wand of acid (4)
 J - a wand of charming (13)
 K - a wand of polymorph (9)
Scrolls
 b - a scroll of noise {unknown}
 h - 3 scrolls of silence {unknown}
 i - a scroll of fear {unknown}
 l - 5 scrolls of teleportation {unknown}
 m - a scroll of magic mapping {unknown}
 r - 3 scrolls of enchant weapon
 t - 4 scrolls of identify {unknown}
 w - a scroll of holy word {unknown}
 A - a scroll of vulnerability {unknown}
 C - a scroll of immolation {unknown}
 D - a scroll of blinking {unknown}
 G - a scroll of enchant armour {unknown}
 L - a scroll of amnesia {unknown}
Potions
 d - 6 potions of might {unknown}
 e - 3 potions of haste {unknown}
 f - 3 potions of curing
 k - 2 potions of degeneration {unknown}
 n - a potion of attraction {unknown}
 o - 2 potions of heal wounds {unknown}
 p - 3 potions of lignification {unknown}
 q - a potion of cancellation {unknown}
 x - a potion of flight {unknown}


   Skills:
 + Level 4.9 Long Blades
 + Level 2.1 Armour
 - Level 2.0 Dodging
 - Level 3.0 Stealth
 + Level 8.5 Spellcasting
 - Level 3.0 Conjurations
 - Level 5.0 Transmutations
 * Level 13.6 Earth Magic
 + Level 3.4 Invocations
 - Level 3.0 Evocations


You had 19 spell levels left.
You knew the following spells:

 Your Spells              Type           Power      Damage    Failure   Level
a - Sandblast             Erth           100%       2d20      1%          1
b - Stone Arrow           Conj/Erth      70%        3d11      1%          3
c - Petrify               Tmut/Erth      38%        N/A       2%          4

Your spell library contained the following spells:

 Spells                   Type           Power      Damage    Failure   Level
 Passwall                 Tmut/Erth      31%        N/A       1%          2
 Shock                    Conj/Air       48%        1d6       7%          1
 Airstrike                Air            3%         N/A       77%         4
 Conjure Ball Lightning   Conj/Air       6%         3x3d6     100%        6
 Discord                  Hex            3%         N/A       100%        8
 Disjunction              Tloc           3%         N/A       100%        8
 Swiftness                Air            Unusable   N/A       N/A         3

Dungeon Overview and Level Annotations

Branches:
Dungeon (11/15)            Temple (1/1) D:6
   Lair: D:8-11         Orc: D:9-12

Altars:
Ashenzari
Cheibriados
Dithmenos
Elyvilon
Fedhas
Gozag
Hepliaklqana
Kikubaaqudgha
Makhleb
Nemelex Xobeh
Okawaru
Qazlal
Ru
Sif Muna
Trog
Uskayaw
Vehumet
Wu Jian
Xom
Yredelemnul
Zin
The Shining One

Shops:
D:10 **

Annotations:
D:8 2 runed translucent doors
D:10 Josephine


Innate Abilities, Weirdness & Mutations

You cannot be hasted, slowed, berserked, paralysed or teleported.
You can dig through walls and to a lower floor.
You have a pair of large antennae on your head. (SInv)
Your four strong arms can wield two-handed weapons with a shield.


Message History

You climb downwards.
Level annotation: Josephine Josephine hits you but does no damage.
You are electrocuted!!
The wraith hits you. The wraith drains your vigour!
Your stasis prevents you from being slowed.
There is a stone staircase leading up, spattered with blood here.
Unknown command.
The wraith closely misses you. Josephine misses you.
You climb upwards.
There is a stone staircase leading down here.
Unknown command.
Casting: Petrify (dangerous; 2% risk of failure)
Confirm with . or Enter, or press ? or * to list all spells.
Aiming: Petrify (dangerous; 2% risk of failure)
Press: ? - help, Shift-Dir - straight line, f - Josephine
Aim: Josephine, wielding a +5 dagger of electrocution and wearing a +0 robe (chance to affect: 31%) Josephine easily resists.
The wraith hits you but does no damage.
Josephine hits you with a +5 dagger of electrocution.
You are electrocuted!
Casting: Petrify (dangerous; 2% risk of failure)
Confirm with . or Enter, or press ? or * to list all spells.
Aiming: Petrify (dangerous; 2% risk of failure)
Press: ? - help, Shift-Dir - straight line, f/p - Josephine
Aim: Josephine, wielding a +5 dagger of electrocution and wearing a +0 robe (chance to affect: 31%) Josephine is moving more slowly.
The wraith completely misses you. You block Josephine's attack.
Unknown command.
You hit the wraith.
The wraith is lightly damaged.
The wraith barely misses you.
Josephine hits you with a +5 dagger of electrocution.
* * * LOW HITPOINT WARNING * * *
The wraith closely misses you. Josephine misses you.
You barely miss the wraith.
The wraith is lightly damaged.
The wraith hits you but does no damage.
Josephine gestures at you while chanting.
The ghostly flame explodes!
The ghostly fireball engulfs you!!
You feel drained.
You die...

#......'.....#......#....#...#..
#......#.....#......#....#...###
#......########.....#....#......
#......#......#.....#....#......
########......#.....#....#......
#.............#.....######......
#.............#..........#......
#.............#[@........##'####
#.............#@W........#...#..
#......#####.)#######....#...#..
########.....)......######...#..
#......#............#........##.
#......#............#.........#.
#......#...######...#.........#.
#......#...#....#...#....#....#.
#......'...'....#...'....#....#.
#......#...#....#...#....#######


You could see Josephine (petrifying) and a wraith.

Vanquished Creatures
  Nergalle (D:10)
  Pikel (D:5)
  Maggie (D:8)
  2 trolls
  Prince Ribbit (D:7)
  5 yaks (D:9)
  A wyvern (D:9)
  A wraith (D:11)
  An acid dragon (D:10)
  A water moccasin (D:5)
  2 sky beasts
  2 orc warriors (D:9)
  A black bear (D:6)
  An ogre (D:5)
  2 lemures (D:5)
  5 centaurs
  4 phantoms
  2 kobold brigands
  3 bullfrogs
  3 scorpions
  2 wyvern skeletons (D:6)
  6 killer bees
  13 wights
  4 howler monkeys
  2 bullfrog zombies (D:5)
  3 centaur zombies (D:9)
  2 hounds
  An iron imp (D:3)
  6 jellies
  A centaur skeleton (D:7)
  A gnoll shaman (D:10)
  Ijyb (D:4)
  3 iguanas
  6 orc wizards
  A killer bee zombie (D:6)
  Robin (D:4)
  2 howler monkey zombies
  5 gnolls
  A howler monkey skeleton (D:7)
  7 adders
  7 river rats (D:6)
  3 shadow imps
  2 white imps
  An ufetubus (D:6)
  An adder skeleton (D:3)
  25 orcs
  6 endoplasms
  2 giant cockroaches
  12 goblins
  12 hobgoblins
  11 kobolds
  7 quokkas
  7 ball pythons
  2 bats
  A frilled lizard (D:3)
  22 rats
229 creatures vanquished.

Vanquished Creatures (others)
  A kobold brigand (D:11)
  3 plants (D:5)
4 creatures vanquished.

Grand Total: 233 creatures vanquished

Notes
Turn   | Place    | Note
-------+----------+-------------------------------------------
     0 | D:1      | heikuro the Formicid Earth Elementalist began the quest for
                  | the Orb.
     0 | D:1      | Reached XP level 1. HP: 13/13 MP: 3/3
   275 | D:1      | Reached XP level 2. HP: 9/19 MP: 1/5
   523 | D:1      | Reached skill level 4 in Earth Magic
  1020 | D:1      | Reached XP level 3. HP: 24/24 MP: 4/6
  1171 | D:2      | Found a burning altar of Makhleb.
  1250 | D:2      | Reached XP level 4. HP: 30/30 MP: 5/8
  1477 | D:2      | Learned a level 3 spell: Stone Arrow
  1482 | D:2      | Learned a level 4 spell: Petrify
  1996 | D:3      | Noticed a sky beast
  2231 | D:3      | Found a snail-covered altar of Cheibriados.
  2241 | D:3      | Reached skill level 5 in Earth Magic
  2241 | D:3      | Reached XP level 5. HP: 35/35 MP: 5/9
  2462 | D:3      | Killed a sky beast
  2463 | D:3      | Reached skill level 1 in Conjurations
  2463 | D:3      | Reached XP level 6. HP: 34/41 MP: 4/10
  2513 | D:3      | You fall into a shaft and drop 2 floors!
  2513 | D:5      | Entered Level 5 of the Dungeon
  2513 | D:5      | Found an ornate altar of the Wu Jian Council.
  2744 | D:5      | Reached skill level 6 in Earth Magic
  3014 | D:5      | Reached XP level 7. HP: 35/46 MP: 4/12
  3239 | D:5      | Found a basalt altar of Yredelemnul.
  3676 | D:4      | Noticed Ijyb
  3687 | D:4      | Killed Ijyb
  3688 | D:4      | Reached skill level 7 in Earth Magic
  4493 | D:4      | Noticed Robin
  4653 | D:4      | Killed Robin
  4657 | D:4      | Reached XP level 8. HP: 52/52 MP: 10/14
  5386 | D:5      | Reached skill level 8 in Earth Magic
  5853 | D:5      | Noticed Pikel
  5873 | D:5      | Killed Pikel
  5874 | D:5      | Reached skill level 5 in Spellcasting
  5874 | D:5      | Reached skill level 9 in Earth Magic
  5874 | D:5      | Reached XP level 9. HP: 20/57 MP: 1/17
  6140 | D:5      | Reached skill level 10 in Earth Magic
  6669 | D:6      | Found a staircase to the Ecumenical Temple.
  6675 | Temple   | Entered the Ecumenical Temple
  6925 | D:6      | Found a glowing silver altar of Zin.
  6927 | D:6      | Found a shadowy altar of Dithmenos.
  6943 | D:6      | Found a glowing golden altar of the Shining One.
  7291 | D:6      | Reached skill level 1 in Evocations
  7891 | D:6      | Found an iron altar of Okawaru.
  7891 | D:6      | Found an opulent altar of Gozag.
  7895 | D:6      | Reached skill level 5 in Transmutations
  8124 | D:6      | Reached skill level 11 in Earth Magic
  8322 | D:7      | Noticed Prince Ribbit
  8515 | D:7      | Killed Prince Ribbit
  8516 | D:7      | Reached skill level 1 in Long Blades
  8516 | D:7      | Reached XP level 10. HP: 63/63 MP: 7/20
 10018 | D:8      | Reached skill level 12 in Earth Magic
 10171 | D:8      | Noticed Maggie
 10185 | D:8      | Killed Maggie
 10503 | D:8      | Found a runed translucent door.
 10740 | D:8      | Found a runed translucent door.
 10971 | D:8      | Found a hide-covered altar of Uskayaw.
 11381 | D:9      | Identified the +2 leather armour "Jyskaq" {Stlth+}
 11684 | D:9      | Found a shimmering blue altar of Sif Muna.
 11747 | D:9      | Became a worshipper of Sif Muna the Loreminder
 11895 | D:9      | Found a radiant altar of Vehumet.
 12015 | D:9      | Reached skill level 13 in Earth Magic
 12015 | D:9      | Reached skill level 1 in Invocations
 12015 | D:9      | Reached XP level 11. HP: 64/68 MP: 21/23
 12735 | D:10     | Entered Level 10 of the Dungeon
 13508 | D:10     | Found Xilof's General Store.
 13511 | D:10     | Found Adwobbac's Specific Store.
 13526 | D:10     | Reached skill level 1 in Armour
 14148 | D:11     | Reached * piety under Sif Muna
 14360 | D:11     | Noticed Nergalle
 14523 | D:10     | Killed Nergalle
 14838 | D:11     | Noticed Josephine
 15021 | D:10     | Killed from afar by Josephine

Illustrated notes

Levels and vault maps discovered:
D:1:      wander_arrival_chamber, layout_loops_ring
D:2:      layout_basic, basic_altar
D:3:      layout_basic, slow_altar_1
D:4:      layout_cave_pods, amcnicky_mini_pool_small, uniq_ijyb, uniq_robin
D:5:      layout_basic, nicolae_wu_jian_wuxing_cycle,
          mainiacjoe_overflow_concentric_impassable, serial_bayou_pond_c,
          uniq_pikel
D:6:      lemuel_ratsnest, layout_rooms, grunt_temple_overflow_open,
          jmf_multi_god_temple, minmay_temple_entry_hall,
          kennysheep_another_room
D:7:      layout_cave_pods, minmay_misc_feat_rows, uniq_prince_ribbit1
D:8:      cheibrodos_histonic, layout_loops_ring, nicolae_uskayaw_suspiria,
          kennysheep_generic_room_10, uniq_maggie
D:9:      layout_basic, fiery_altar_vehumet, marbit_many_paths
D:10:     layout_grid_maze, nicolae_specific_store, minivault_25_ag
D:11:     layout_gridville, lair_entry_dummy, orc_0_dummy,
          minmay_strange_pillars, tgw_sif, uniq_nergalle, uniq_josephine
Temple:   minmay_temple_curvy_loop

Skill      XL: |  1  2  3  4  5  6  7  8  9 10 11 |
---------------+----------------------------------+-----
Dodging        | 2 |  2.0
Earth Magic    | 4 5 6 7 9 11 13 | 13.6
Stealth        | 3 |  3.0
Transmutations | 2 3 4 5 |  5.0
Spellcasting   | 3 4 5 6 8 |  8.5
Conjurations   | 1 2 3 |  3.0
Evocations     | 2 3 |  3.0
Long Blades    | 1 4 |  4.9
Invocations    | 1 3 |  3.4
Armour         | 2 |  2.1

Action                   |  1- 3 |  4- 6 |  7- 9 | 10-12 || total
-------------------------+-------+-------+-------+-------++-------
Melee: Unarmed           |    12 |       |       |       ||    12
       Dagger            |       |    34 |   165 |       ||   199
       Great sword       |       |       |     4 |   162 ||   166
Throw: Boomerang         |    54 |    34 |     1 |       ||    89
 Cast: Sandblast         |    12 |    34 |   110 |    80 ||   236
       Stone Arrow       |       |       |    20 |     4 ||    24
       Petrify           |       |       |     4 |    13 ||    17
 Abil: Dig               |       |       |     1 |     1 ||     2
  Use: Scroll            |       |       |     1 |       ||     1
 Stab: Sleeping          |       |       |     2 |     7 ||     9
       Petrified         |       |       |       |    14 ||    14
Armor: Robe              |     5 |    14 |     6 |       ||    25
       Leather armour    |       |       |    29 |    65 ||    94
Dodge: Dodged            |    10 |    36 |   115 |   123 ||   284
Block: Other             |       |     2 |    39 |    65 ||   106
       Reflection        |       |       |     2 |     3 ||     5

Table legend: (Time is in decaauts)
 A = Elapsed time spent in this place.
 B = Non-inter-level travel time spent in this place.
 C = Inter-level travel time spent in this place.
 D = Time resting spent in this place.
 E = Time spent auto-exploring this place.
 F = Levels seen in this place.
 G = Mean time per level.
                   A        B        C        D        E       F      G
               +--------+--------+--------+--------+--------+-----+--------+
         Total |  15160 |  14611 |    549 |   4787 |   6454 |  12 | 1263.3 |
       Dungeon |  14948 |  14411 |    537 |   4787 |   6268 |  11 | 1358.9 |
        Temple |    211 |    199 |     12 |      0 |    186 |   1 |  211.0 |
               +--------+--------+--------+--------+--------+-----+--------+

Top non-repeatable levels by time:
    D:10: 2143 daAuts
     D:5: 2092 daAuts
     D:6: 1715 daAuts
     D:9: 1618 daAuts
     D:4: 1506 daAuts
     D:7: 1453 daAuts
     D:8: 1286 daAuts
     D:3: 1222 daAuts
     D:1: 1154 daAuts
     D:2: 584 daAuts
  Temple: 211 daAuts
    D:11: 170 daAuts
